 Dungeon Crawl Stone Soup version 0.26-a0-651-gb41185065b (webtiles) character file.

Game seed: 17171003527639075579

172 Apogee the Ruffian (level 5, -1/40 HPs)
             Began as a Draconian Transmuter on Oct 13, 2020.
             Was an Initiate of Okawaru.
             Slain by Crazy Yiuf
             ... wielding a +2 quarterstaff of chaos
              (9 damage)
             ... on level 3 of the Dungeon.
             The game lasted 00:06:40 (2956 turns).

Apogee the Ruffian (Draconian Transmuter)           Turns: 2956, Time: 00:06:41

Health: -1/40      AC:  5    Str: 13    XL:     5   Next: 27%
Magic:  7/8        EV: 12    Int: 13    God:    Okawaru [......]
Gold:   256        SH:  0    Dex: 12    Spells: 7/8 levels left

rFire    + . .     SeeInvis .     - Unarmed
rCold    x . .     Faith    .   (no shield)
rNeg     . . .     Spirit   .   (armour unavailable)
rPois    .         Reflect  .   (helmet currently unavailable)
rElec    .         Harm     .   (no cloak)
rCorr    .         Rampage  .   (no gloves)
MR       .....                  (boots currently unavailable)
Stlth    +.........             (no amulet)
HPRegen  0.13/turn              q - ring of fire
MPRegen  0.11/turn              (no ring)

@: lethally poisoned (-1 -> -4), appendages, hasted, very quick
A: unfitting armour, horns 2, talons 2, cold-blooded, AC +5
a: End Transformation, Renounce Religion


You were on level 3 of the Dungeon.
You worshipped Okawaru.
Okawaru was noncommittal.
You had grown temporary horns.
You had grown temporary talons.
You visited 1 branch of the dungeon, and saw 3 of its levels.

You collected 256 gold pieces.

Inventory:

Missiles
 g - 2 throwing nets (quivered) {!f}
Jewellery
 q - a ring of fire (left hand)
   (You found it on level 3 of the Dungeon)
 r - an uncursed ring of protection from cold {unknown}
   (You found it on level 3 of the Dungeon)
Scrolls
 a - a scroll of remove curse {unknown}
 b - a scroll of magic mapping {unknown}
 c - a scroll of random uselessness {unknown}
 d - 5 scrolls of identify {unknown}
 h - 3 scrolls of immolation {unknown}
 i - a scroll of teleportation {unknown}
 j - a scroll of enchant weapon {unknown}
 k - 2 scrolls of fear {unknown}
 l - a scroll of blinking {unknown}
 p - a scroll of fog {unknown}
Potions
 e - 3 potions of mutation {unknown}
 f - a potion of heal wounds {unknown}
 m - a potion of curing {unknown}
 n - a potion of cancellation {unknown}
 o - a potion of berserk rage {unknown}


   Skills:
 - Level 1.1 Fighting
 - Level 1.7 Dodging
 + Level 4.7 Unarmed Combat
 - Level 2.0 Spellcasting
 + Level 4.1 Transmutations


You had 7 spell levels left.
You knew the following spells:

 Your Spells              Type           Power        Failure   Level
a - Beastly Appendage     Tmut           ##....       4%          1

Your spell library contained the following spells:

 Spells                   Type           Power        Failure   Level
 Wereblood                Tmut           ##......     7%          2
 Spider Form              Tmut/Pois      #.........   32%         3
 Ice Form                 Ice/Tmut       #.......     73%         4
 Blade Hands              Tmut           ##........   78%         5


Dungeon Overview and Level Annotations

Branches:
Dungeon (3/15)

Altars:
Fedhas
Okawaru
Trog
Wu Jian

Annotations:
D:3 Crazy Yiuf, Purgy


Innate Abilities, Weirdness & Mutations

Your plain brown scales are hard. (AC +5)
You cannot fit into any form of body armour.
You are cold-blooded and may be slowed by cold attacks.
You have a pair of horns on your head.
You have razor-sharp toenails.


Message History

No target in view!
No target in view!
No target in view!
Unknown command.
Your magical contamination has completely faded away.
Your transformation is almost over.
You feel sick.
You feel sick.
You feel sick.
You feel sick.
You feel sick.
Your horns disappear.
Your talons disappear.
You feel sick.
You feel sick.
You feel sick.
You feel sick.
You are no longer poisoned.
Found a faded altar of an unknown god.
Found a stone staircase leading down.
Key pressed, stopping explore.
Crazy Yiuf shouts!
You grow a pair of large bovine horns.
Your feet morph into talons.
You open the door. You hit Crazy Yiuf. Your kick misses Crazy Yiuf.
Your headbutt misses Crazy Yiuf.
You tail-slap Crazy Yiuf, but do no damage.
Crazy Yiuf hits you with a +2 quarterstaff of chaos.
You feel yourself speed up.
You hit Crazy Yiuf. Your kick misses Crazy Yiuf.
You completely miss Crazy Yiuf. Your kick misses Crazy Yiuf.
Your headbutt misses Crazy Yiuf.
Crazy Yiuf grits, "Cod!"
Crazy Yiuf hits you with a +2 quarterstaff of chaos!
You feel yourself slow down. Crazy Yiuf freezes you.
You barely miss Crazy Yiuf.
Your tail-slap misses Crazy Yiuf.
Crazy Yiuf hits you with a +2 quarterstaff of chaos.
* * * LOW HITPOINT WARNING * * *
You are poisoned.
You are too injured to fight recklessly!
You are too injured to fight recklessly!
You are too injured to fight recklessly!
Unknown command.
You closely miss Crazy Yiuf. You headbutt Crazy Yiuf.
You feel yourself speed up.
You feel sick.
Crazy Yiuf hits you with a +2 quarterstaff of chaos!
* * * LOW HITPOINT WARNING * * *
You are electrocuted!
You die...

#...)...............
#########...........
#........... #####
#####.##.... #)..#
#..##.####.# #...#
#..##.##.... ...
#..##....♣♣. #g#
#......###.♣ ♣@♣♣
#####.##..♣♣ ♣♣.♣
#....P.♣♣.♣ ♣.♣♣
#.#♣P.♣.P♣. ♣♣.♣
##.#♣...♣... ♣♣.♣♣
#..#♣♣♣♣...♣ ♣♣...♣
#..##♣♣...PP ♣....♣
#.(#..♣.♣.♣♣ #....#
#..#♣..♣♣..§
#####....###..#♣.♣...♣♣


You could see Crazy Yiuf.

Vanquished Creatures
  A worker ant (D:3)
  3 adders
  4 gnolls (D:3)
  An ooze (D:2)
  5 dart slugs
  4 leopard geckos
  2 orcs (D:3)
  8 bats
  3 giant cockroaches
  9 hobgoblins
  2 quokkas (D:3)
  6 frilled lizards
  5 goblins (D:1)
  9 kobolds
  4 rats
66 creatures vanquished.

Vanquished Creatures (others)
  2 plants (D:3)
2 creatures vanquished.

Grand Total: 68 creatures vanquished

Notes
Turn   | Place    | Note
-------+----------+-------------------------------------------
     0 | D:1      | Apogee the Draconian Transmuter began the quest for the
                  | Orb.
     0 | D:1      | Reached XP level 1. HP: 16/16 MP: 3/3
   180 | D:1      | Reached XP level 2. HP: 20/23 MP: 3/5
   537 | D:1      | Reached XP level 3. HP: 16/28 MP: 4/6
  1235 | D:2      | Found an iron altar of Okawaru.
  1263 | D:2      | Became a worshipper of Warmaster Okawaru
  1599 | D:2      | Found an ornate altar of the Wu Jian Council.
  1710 | D:3      | Found a bloodstained altar of Trog.
  1716 | D:3      | Found a blossoming altar of Fedhas.
  1740 | D:3      | Reached XP level 4. HP: 34/35 MP: 5/7
  1907 | D:3      | Found a runed translucent door.
  1908 | D:3      | Noticed Crazy Yiuf
  2357 | D:3      | Noticed Purgy
  2400 | D:3      | Reached XP level 5. HP: 40/40 MP: 8/8
  2788 | D:3      | Found a faded altar of an unknown god.
  2956 | D:3      | Slain by Crazy Yiuf

Illustrated notes

Levels and vault maps discovered:
D:1:      co_arrival_square_in_a_square_in_a_square, layout_basic,
          minmay_misc_feat_tower, hangedman_decor_diamond_cutter,
          minmay_octomino_e4
D:2:      layout_rooms, lemuel_doored_altar, okawaru_ov_weapons_minmay
D:3:      wad_woods_settlement, layout_basic, lemuel_crystal_altar,
          chequers_ecumenical_altar_grove, trog_three_pillars_becter,
          uniq_crazy_yiuf_cottage, uniq_purgy

Skill      XL: |  1  2  3  4 |
---------------+-------------+-----
Transmutations | 3 4 |  4.1
Unarmed Combat | 4 |  4.7
Fighting       | |  1.1
Dodging        | |  1.7
Spellcasting   | |  2.0

Action                   |  1- 3 |  4- 6 || total
-------------------------+-------+-------++-------
Melee: Unarmed           |   125 |    61 ||   186
       Kick              |    16 |    14 ||    30
       Tailslap          |    10 |    10 ||    20
       Headbutt          |    12 |    11 ||    23
       Punch             |     3 |     3 ||     6
 Cast: Beastly Appendage |    28 |     8 ||    36
Armor: Skin              |    39 |     7 ||    46
Dodge: Dodged            |    76 |    23 ||    99

Table legend: (Time is in decaauts)
 A = Elapsed time spent in this place.
 B = Non-inter-level travel time spent in this place.
 C = Inter-level travel time spent in this place.
 D = Time resting spent in this place.
 E = Time spent auto-exploring this place.
 F = Levels seen in this place.
 G = Mean time per level.
                   A        B        C        D        E       F      G
               +--------+--------+--------+--------+--------+-----+--------+
         Total |   2941 |   2899 |     42 |    320 |   2115 |   3 |  980.3 |
       Dungeon |   2941 |   2899 |     42 |    320 |   2115 |   3 |  980.3 |
               +--------+--------+--------+--------+--------+-----+--------+

Top non-repeatable levels by time:
     D:3: 1259 daAuts
     D:1: 1084 daAuts
     D:2: 597 daAuts
